AoeStats
← edgewize

Golden Pit

509449461Analyzed
1v1 RM · 5d ago on Sep 26, 2026· 43m 8s· 2 players
Game mode
Random Map
Map size
Tiny (2 player)
Population
200
Speed
Normal
Resources
Standard
Victory
Conquest
Starting age
Dark Age
Ending age
Imperial Age
RankedLock teamsTeams togetherTeam positionsShared explorationLock speedFull tech treeHidden civsTurbo modeCheats
Victory
Defeat
🇨🇿 Poles · Czechia
624
+22
🇺🇸 Vietnamese · United States
629
-16
Nohy Enjoyer
9:43 Feudal Age
11:08 Double-Bit Axe
12:31 Horse Collar
15:03 Loom
18:43 Castle Age
18:57 Bloodlines
20:04 Town Watch
23:17 Heavy Plow
24:39 Husbandry
24:01 Light Cavalry
25:26 Wheelbarrow
26:50 Bow Saw
29:37 Hand Cart
31:04 Town Patrol
31:53 Gold Mining
35:38 Imperial Age
33:22 Scale Barding Armor
33:28 Forging
34:22 Stone Mining
35:40 Chain Barding Armor
35:55 Iron Casting
36:00 Winged Hussar
39:44 Blast Furnace
42:56 Stone Shaft Mining
43:55 Ballistics
44:36 Chemistry
43:17 Treadmill Crane
43:48 Masonry
43:34 Murder Holes
43:44 Siege Engineers
43:50 Fortified Wall
43:31 Guard Tower
edgewize
4:33 Loom
12:47 Feudal Age
13:31 Horse Collar
17:25 Castle Age
25:22 Wheelbarrow
25:27 Elite Skirmisher
27:51 Hand Cart
33:40 Imperial Age
34:29 Double-Bit Axe
34:34 Imperial Skirmisher
39:32 Pikeman
Connection lost

Rejoining the realm…

Still unreachable

The connection could not be restored.

Session expired

The server has moved on; the page needs a fresh start.